 Dungeon Crawl Stone Soup version 0.27.0-1-g7a089689b8 (webtiles) character file.

Game seed: 10341569719523259628

1714 ZARRMARR the Cudgeller (level 8, -12/70 HPs)
             Began as a Minotaur Fighter on Aug 10, 2021.
             Was a Believer of Okawaru.
             Killed from afar by Maggie (18 damage)
             ... with a bolt of fire
             ... on level 6 of the Dungeon.
             The game lasted 00:33:20 (6548 turns).

ZARRMARR the Cudgeller (Minotaur Fighter)           Turns: 6548, Time: 00:33:20

Health: -12/70     AC: 10    Str: 22    XL:     8   Next: 74%
Magic:  7/7        EV:  9    Int:  5    God:    Okawaru [**....]
Gold:   444        SH: 10    Dex: 11    Spells: 7/7 levels left

rFire    . . .     SeeInvis .   a - +1 flail
rCold    . . .     Faith    .   c - +0 kite shield
rNeg     . . .     Spirit   .   h - +4 ring mail {rPois}
rPois    +         Reflect  .   (helmet restricted)
rElec    .         Harm     .   (no cloak)
rCorr    +         Rampage  .   (no gloves)
Will     .....                  (no boots)
Stlth    +.........             (no amulet)
HPRegen  0.21/turn              g - ring of resist corrosion
MPRegen  0.10/turn              (no ring)

@: no status effects
A: horns 2, retaliatory headbutt
a: Renounce Religion, Heroism


You were on level 6 of the Dungeon.
You worshipped Okawaru.
Okawaru was pleased with you.
You visited 1 branch of the dungeon, and saw 6 of its levels.
You also visited: Ossuary.

You collected 444 gold pieces.

Inventory:

Hand Weapons
 a - a +1 flail (weapon)
 B - a +1 war axe
Missiles
 f - 125 stones (quivered)
 i - 12 poisoned darts
Armour
 c - a +0 kite shield (worn)
 h - a +4 ring mail of poison resistance (worn)
 j - a +0 robe of willpower
Jewellery
 g - a ring of resist corrosion (left hand)
Wands
 l - a wand of paralysis (8)
 z - a wand of flame (21)
 A - a wand of iceblast (14)
Scrolls
 e - a scroll of vulnerability
 m - a scroll of enchant armour
 q - 2 scrolls of teleportation
 r - 2 scrolls of enchant weapon
 v - 2 scrolls of brand weapon
 y - a scroll of noise {unknown}
Potions
 b - a potion of curing
 d - a potion of flight {unknown}
 k - a potion of attraction {unknown}
 o - a potion of ambrosia
 s - a potion of invisibility {unknown}
 t - a potion of resistance
 u - a potion of magic {unknown}
 w - a potion of heal wounds
 x - a potion of brilliance {unknown}


   Skills:
 + Level 5.7 Fighting
 + Level 7.4 Maces & Flails
 + Level 5.9 Throwing
 + Level 5.9 Armour
 + Level 2.6 Dodging
 + Level 1.6 Stealth
 + Level 5.5 Shields


You had 7 spell levels left.
You didn't know any spells.
Your spell library contained the following spells:

 Spells                   Type           Power      Damage    Failure   Level
 Corona                   Hex            0%         N/A       95%         1
 Blink                    Tloc           N/A        N/A       99%         2
 Ensorcelled Hibernation  Hex/Ice        0%         N/A       99%         2
 Slow                     Hex            0%         N/A       99%         2
 Confusing Touch          Hex            0%         N/A       100%        3
 Lesser Beckoning         Tloc           0%         N/A       100%        3
 Tukima's Dance           Hex            0%         N/A       100%        3
 Vampiric Draining        Necr           0%         2d6       100%        3
 Manifold Assault         Tloc           0%         N/A       100%        5


Dungeon Overview and Level Annotations

Branches:
Dungeon (6/15)             Temple (0/1) D:5         Ossuary (visited)

Altars:
Ashenzari
Dithmenos
Kikubaaqudgha
Okawaru
Ru
Uskayaw
Wu Jian

Shops:
D:4 (

Annotations:
D:6 Maggie


Innate Abilities, Weirdness & Mutations

You have a pair of horns on your head.
You reflexively headbutt those who attack you in melee.


Message History

Maggie hits you with a +1 long sword of flaming.
Maggie burns you.
You hit Maggie.
Maggie is severely wounded.
You break out of your daze.
Maggie mutters to herself, "Master Lance won't take me back.
This is the way forward."
Maggie completely misses you.
Your shield prevents you from hitting Maggie.
You headbutt Maggie.
Maggie is severely wounded.
Maggie points at you and mumbles some strange words.
The bolt of fire hits you!
You thump Maggie!
Maggie is severely wounded.
Maggie hits you with a +1 long sword of flaming!
Maggie burns you. You block Maggie's attack.
You hit Maggie.
Maggie is almost dead.
Maggie hits you but does no damage.
You closely miss Maggie.
Maggie is almost dead.
Maggie hits you with a +1 long sword of flaming.
Maggie burns you.
You hit Maggie but do no damage.
Maggie is almost dead.
Maggie completely misses you.
You hit Maggie but do no damage. Your headbutt misses Maggie.
Maggie is almost dead.
Maggie casts a spell at you. The bolt of fire hits you!
* * * LOW HITPOINT WARNING * * *
You hit Maggie. Your headbutt misses Maggie.
Maggie is almost dead.
Maggie hits you with a +1 long sword of flaming.
* * * LOW HITPOINT WARNING * * *
Maggie burns you.
* * * LOW HITPOINT WARNING * * *
Maggie points at you and mumbles some strange words.
The bolt of fire hits you!!
You die...

#..†.)......_#..####....
###.........##....###...
###...#...##.....##....
#.#########...........#
#.#### #.).............
#....###.........#..###
####.............#..#
#######......##..#
#.@.....###..#..#
#@#####.####.#..# ((.
#.........# .(###
######.#..# ...
########..#.### .(
............... .
###########..## ####


You could see Maggie.

Vanquished Creatures
  A hornet (D:5)
  Eustachio (D:6)
  Menkaure (D:6)
  A necrophage (D:6)
  An ogre (D:6)
  A phantom (D:5)
  2 bullfrogs
  2 scorpions (D:5)
  2 water moccasin skeletons
  3 wights
  A bullfrog zombie (D:5)
  A hound (D:4)
  A centaur zombie (D:4)
  3 iguanas
  A hound skeleton (D:5)
  8 mummies (Ossuary)
  4 gnolls (D:4)
  9 adders
  2 shadow imps
  3 white imps
  An ufetubus (D:4)
  2 adder skeletons (D:4)
  A worm (D:3)
  5 dart slugs
  10 orcs
  4 bats
  3 endoplasms
  A giant cockroach (D:2)
  10 goblins
  7 hobgoblins
  6 jackals
  5 kobolds
  5 quokkas
  4 ball pythons
  3 frilled lizards (D:1)
  A gnoll zombie (Ossuary)
  2 hobgoblin zombies (Ossuary)
  2 kobold zombies (Ossuary)
  3 orc zombies (Ossuary)
  A quokka skeleton (D:4)
  4 rats
128 creatures vanquished.

Notes
Turn   | Place    | Note
-------+----------+-------------------------------------------
     0 | D:1      | ZARRMARR the Minotaur Fighter began the quest for the Orb.
     0 | D:1      | Reached XP level 1. HP: 19/19 MP: 0/0
   455 | D:1      | Reached XP level 2. HP: 27/27 MP: 1/1
   618 | D:1      | Found a faded altar of an unknown god.
   930 | D:2      | Reached skill level 3 in Maces & Flails
   930 | D:2      | Reached XP level 3. HP: 22/33 MP: 2/2
  1897 | D:3      | Reached XP level 4. HP: 40/40 MP: 3/3
  2267 | D:3      | Reached skill level 1 in Throwing
  3050 | D:4      | Reached XP level 5. HP: 37/46 MP: 4/4
  3120 | D:4      | Found a broken altar of Ashenzari.
  3166 | D:4      | Reached skill level 4 in Maces & Flails
  3567 | D:4      | Found an iron altar of Okawaru.
  3575 | D:4      | Became a worshipper of Warmaster Okawaru
  3651 | D:4      | Reached XP level 6. HP: 50/52 MP: 5/5
  4110 | D:4      | Found Kafio's Weapon Shoppe.
  4173 | D:4      | Reached skill level 1 in Dodging
  4204 | D:4      | Found an ornate altar of the Wu Jian Council.
  4293 | D:5      | Entered Level 5 of the Dungeon
  4339 | D:5      | Noticed a hornet
  4347 | D:5      | Killed a hornet
  4348 | D:5      | Reached skill level 5 in Maces & Flails
  4348 | D:5      | Reached skill level 5 in Armour
  4348 | D:5      | Reached XP level 7. HP: 44/60 MP: 6/6
  4360 | D:5      | Reached * piety under Okawaru
  4361 | D:5      | Reached skill level 5 in Shields
  4365 | D:5      | Found a sand-covered staircase.
  4365 | D:5      | Noticed a +0 hand axe
  4365 | D:5      | Noticed a +0 hand axe
  4376 | Ossuary  | Entered an ossuary
  4849 | Ossuary  | Reached skill level 5 in Fighting
  4982 | D:5      | Reached skill level 1 in Stealth
  5033 | D:5      | Found a hide-covered altar of Uskayaw.
  5041 | D:5      | Found a staircase to the Ecumenical Temple.
  5144 | D:5      | Reached skill level 6 in Maces & Flails
  5146 | D:5      | Found a shadowy altar of Dithmenos.
  5153 | D:5      | Found a sacrificial altar of Ru.
  5392 | D:5      | Reached XP level 8. HP: 58/68 MP: 7/7
  5630 | D:5      | Reached skill level 5 in Throwing
  5931 | D:6      | Noticed Menkaure
  5935 | D:6      | Killed Menkaure
  6176 | D:6      | Noticed Eustachio
  6315 | D:6      | Killed Eustachio
  6316 | D:6      | Reached skill level 7 in Maces & Flails
  6339 | D:6      | Reached ** piety under Okawaru
  6342 | D:6      | Found an ancient bone altar of Kikubaaqudgha.
  6523 | D:6      | Noticed Maggie
  6548 | D:6      | Killed from afar by Maggie

Illustrated notes

Levels and vault maps discovered:
D:1:      psy_arrival_dodecagon, layout_loops_ring,
          chequers_ecumenical_altar_grove
D:2:      layout_basic
D:3:      layout_basic, minmay_pentomino_pile
D:4:      minmay_door_path, layout_basic, okawaru_trees_2,
          mainiacjoe_overflow_six_doors_small, kennysheep_little_box,
          serial_shops, shop
D:5:      layout_loops_cross, dancing_weapons_uskayaw,
          mainiacjoe_overflow_big_doors, minmay_temple_entry_hall,
          nicolae_ossuary_entry_ruins
D:6:      layout_rooms, marbit_many_paths, kennysheep_generic_room_12,
          uniq_eustachio, uniq_maggie, uniq_menkaure

Skill      XL: |  1  2  3  4  5  6  7  8 |
---------------+-------------------------+-----
Armour         | 4 5 |  5.9
Shields        | 4 5 |  5.5
Maces & Flails | 3 4 5 6 7 |  7.4
Fighting       | 4 5 |  5.7
Throwing       | 1 3 4 5 |  5.9
Dodging        | 1 2 |  2.6
Stealth        | 1 |  1.6

Action                   |  1- 3 |  4- 6 |  7- 9 || total
-------------------------+-------+-------+-------++-------
Melee: Flail             |    77 |    97 |   108 ||   282
       Headbutt          |    13 |    20 |    22 ||    55
Throw: Stone             |    34 |       |     7 ||    41
       Dart              |     2 |    47 |       ||    49
       Boomerang         |       |    25 |    84 ||   109
  Use: Scroll            |     4 |     4 |     8 ||    16
       Potion            |       |     1 |     2 ||     3
Armor: Scale mail        |     6 |       |       ||     6
       Ring mail         |    25 |    45 |    28 ||    98
Dodge: Dodged            |    18 |    29 |    31 ||    78
Block: Kite shield       |    35 |    45 |    45 ||   125
